 Dungeon Crawl Stone Soup version 0.23-a0-368-g82e9058 (webtiles) character file.

48 Cryolive the Digger (level 3, -1/19 HPs)
             Began as a Gargoyle Earth Elementalist on Oct 23, 2018.
             Slain by a worm (5 damage)
             ... on level 2 of the Dungeon.
             The game lasted 00:04:35 (1009 turns).

Cryolive the Digger (Gargoyle Earth Elementalist)   Turns: 1009, Time: 00:04:36

Health: -1/19      AC:  5    Str: 11    XL:     3   Next: 72%
Magic:  7/7        EV: 12    Int: 16    God:
Gold:   30         SH:  0    Dex: 10    Spells: 7/8 levels left

rFire    . . .     SeeInvis .   e - +0 spear
rCold    . . .     Gourm    .   (no shield)
rNeg     + . .     Faith    .   c - +0 robe
rPois    ∞         Spirit   .   (no helmet)
rElec    +         Reflect  .   (no cloak)
rCorr    .         Harm     .   (no gloves)
MR       .....                  (no boots)
Stlth    ++........             (no amulet)
HPRegen  0.06/turn              (no ring)
MPRegen  0.10/turn              (no ring)

@: no status effects
A: negative energy resistance 1, electricity resistance, unbreathing,
petrification resistance, rot immunity, AC +3
a: no special abilities


You were on level 2 of the Dungeon.
You were hungry.

You visited 1 branch of the dungeon, and saw 2 of its levels.

You collected 30 gold pieces.

Inventory:

Hand Weapons
 e - a +0 spear (weapon)
Missiles
 b - 52 stones (quivered)
Armour
 c - a +0 robe (worn)
Jewellery
 f - a +4 ring of intelligence {unknown}
 k - a cursed ring of attention {unknown}
 l - a cursed amulet of inaccuracy {unknown}
Scrolls
 g - 3 scrolls of identify {unknown}
 h - 2 scrolls of remove curse {unknown}
 i - a scroll of blinking {unknown}
 j - 2 scrolls of teleportation {unknown}
Potions
 a - 2 potions of lignification {unknown}
Comestibles
 d - 3 rations


   Skills:
 - Level 1.5 Dodging
 - Level 2.1 Stealth
 + Level 3.0 Spellcasting
   Level 0.7 Transmutations
 + Level 4.6 Earth Magic


You had 7 spell levels left.
You knew the following spells:

 Your Spells              Type           Power        Failure   Level  Hunger
a - Sandblast             Erth           ###...       2%          1    #......

Your spell library contained the following spells:

 Spells                   Type           Power        Failure   Level  Hunger
 Passwall                 Tmut/Erth      ##......     10%         2    ##.....
 Stone Arrow              Conj/Erth      #.....       22%         3    ###....
 Petrify                  Tmut/Erth      ##......     52%         4    #####..
 Lee's Rapid Deconstruct  Erth           ###.......   58%         5    ######.


Dungeon Overview and Level Annotations

Branches:
Dungeon (2/15)

Altars:
Gozag


Innate Abilities, Weirdness & Mutations

You are resistant to torment.
Your stone body is resilient. (AC +3)
You are immune to poison.
You resist negative energy. (rN+)
You are resistant to electric shocks. (rElec)
You can survive without breathing.
You are immune to petrification.
You are immune to rotting.


Message History

Tha worm be severely wounded.
Tha worm bites ye.
Ye hit tha worm but do nay damage.
Tha worm be heavily wounded.
Tha worm bites ye but does nay damage.
Ye hit tha worm.
Tha worm be heavily wounded.
Ye hit tha worm but do nay damage.
Tha worm be heavily wounded.
Tha worm completely misses ye.
Ye hit tha worm.
Tha worm be severely wounded.
Tha worm bites ye!
* * * LOW HITPOINT WARNIN'
* * * Ye hit tha worm.
Tha worm be severely wounded.
Ye hit tha worm but do nay damage.
Tha worm be severely wounded.
Tha worm bites ye.
Ye die...

.. #.# .. #.# ...
#.# ##.## #.#
..... #.#
8...8.####.####
......#)...@w.#
...._.....##(##.#
#.... . #†......#
#.8.. ####.######
... ##...........
##.###..##.#######
#.......##.#
#.......##.#
##....####.#


You could see a worm.

Vanquished Creatures
  An adder (D:2)
  A gnoll (D:1)
  A dart slug (D:1)
  A leopard gecko (D:1)
  2 giant cockroaches
  3 hobgoblins (D:1)
  A jackal (D:1)
  3 kobolds (D:1)
  A quokka (D:2)
  A frilled lizard (D:1)
  8 goblins
23 creatures vanquished.

Notes
Turn   | Place    | Note
-------+----------+-------------------------------------------
     0 | D:1      | Cryolive the Gargoyle Earth Elementalist began the quest
                  | for the Orb.
     0 | D:1      | Reached XP level 1. HP: 10/10 MP: 3/3
   187 | D:1      | Reached skill level 4 in Earth Magic
   187 | D:1      | Reached XP level 2. HP: 12/15 MP: 5/5
   334 | D:1      | Reached XP level 3. HP: 6/19 MP: 6/6
   797 | D:2      | Found an opulent altar of Gozag.
  1009 | D:2      | Slain by a worm

Vault maps used:
D:1:      lightli_arrival_quake, minmay_tromino_i2
D:2:      nicolae_overflow_hidden_temple, grunt_gozag_statues,
          lemuel_doored_altar, first_ration

Skill      XL: |  1  2  3 |
---------------+----------+-----
Earth Magic    | 4 |  4.6
Spellcasting   | 3 |  3.0
Dodging        | |  1.5
Stealth        | |  2.1
Transmutations | |  0.7

Action                   || total
-------------------------++-------
Melee: Spear             ||   138
 Cast: Sandblast         ||     2
 Stab: Sleeping          ||     7
Armor: Robe              ||    36
Dodge: Dodged            ||    83

Table legend:
 A = Non-vault XP
 B = Vault XP
 C = Vault XP percentage of total XP
 D = Non-vault monster count
 E = Vault monster count
 F = Vault count percentage of total count
                 A         B        C        D         E       F
            +---------+---------+-------+---------+---------+-------
      Total |      65 |       4 |   5.8 |      21 |       2 |   8.7
            +---------+---------+-------+---------+---------+-------
        D:1 |      41 |       4 |   8.9 |      15 |       2 |  11.8
        D:2 |      24 |       0 |   0.0 |       6 |       0 |   0.0
            +---------+---------+-------+---------+---------+-------
